 Dungeon Crawl Stone Soup version 0.28-a0-589-g333b8329f1 (webtiles) character file.

Game seed: 11908960418402260820

99162 frimble the Protected (level 16, -21/122 (124) HPs)
             Began as a Gnoll Earth Elementalist on Oct 4, 2021.
             Was a High Priest of Cheibriados.
             Demolished by an orc knight (35 damage)
             ... while paralysed by an orc sorcerer
             ... on level 2 of the Orcish Mines.
             The game lasted 00:40:34 (25815 turns).

frimble the Protected (Gnoll Earth Elementalist)   Turns: 25815, Time: 00:40:35

HP:   -21/122 (124) AC: 28    Str: 25    XL:     16   Next: 24%
MP:   0/31          EV:  2    Int: 33    God:    Cheibriados [*****.]
Gold: 990           SH:  0    Dex: 26    Spells: 26/38 levels left

rFire   + . .      SeeInvis .   a - +6 demon trident (elec)
rCold   . . .      Faith    .   k - +0 buckler
rNeg    + . .      Spirit   +   x - +6 scale mail of the Morning Star {Str+3}
rPois   .          Reflect  .   E - +2 helmet "Meinor" {rN+ Regen+ Int-5}
rElec   .          Harm     .   D - +0 cloak "Agrihacu" {rF+ Int+5}
rCorr   .          Rampage  .   C - +0 pair of gloves
Will    +....                   n - +0 pair of boots
Stlth   ++++......              h - amulet of guardian spirit
HPRegen 1.30/turn               r - +4 ring of protection
MPRegen 0.22/turn               e - +4 ring of evasion

@: paralysed, studying Armour, lightly drained, very slow
A: fangs 1, strong nose, distributed training
a: Renounce Religion, Bend Time, Temporal Distortion, Slouch, Step From Time


You were on level 2 of the Orcish Mines.
You worshipped Cheibriados.
Cheibriados was extremely pleased with you.
You visited 4 branches of the dungeon, and saw 24 of its levels.
You also visited: Gauntlet and Ice Cave.

You collected 1894 gold pieces.
You spent 904 gold pieces at shops.

Inventory:

Hand Weapons
 a - a +6 demon trident of electrocution (weapon)
 b - a +6 rapier of electrocution
Missiles
 c - 371 stones
 g - a throwing net
 j - 5 silver javelins
 F - 4 javelins (quivered)
Armour
 k - a +0 buckler (worn)
 n - a +0 pair of boots (worn)
 x - the +6 scale mail of the Morning Star (worn) {Str+3}
   (You bought it in a shop on level 11 of the Dungeon)

   Str:       It affects your strength (+3).
 C - a +0 pair of gloves (worn)
 D - the +0 cloak "Agrihacu" (worn) {rF+ Int+5}
   (You bought it in a shop on level 11 of the Dungeon)

   Int:       It affects your intelligence (+5).
   rF:        It protects you from fire.
 E - the +2 helmet "Meinor" (worn) {rN+ Regen+ Int-5}
   (You found it in a Gauntlet)

   Int:       It affects your intelligence (-5).
   rN:        It protects you from negative energy.
   Regen:     It increases your rate of health regeneration.
 N - a +0 robe of cold resistance
 U - the +0 kite shield of Hadjma {rElec rPois Dex+3}
   (You bought it in a shop on level 2 of the Orcish Mines)

   Dex:       It affects your dexterity (+3).
   rElec:     It insulates you from electricity.
   rPois:     It protects you from poison.
Jewellery
 e - a +4 ring of evasion (right hand)
 h - an amulet of guardian spirit (around neck)
 r - a +4 ring of protection (left hand)
 t - the ring "Xiacwabb" {Fire Dex+2}
   (You found it in a Gauntlet)

   [ring of fire]

   It enhances your fire magic.
   Dex:       It affects your dexterity (+2).
   rF:        It protects you from fire.
   rC:        It makes you vulnerable to cold.
 K - an amulet of the acrobat
 P - a +4 ring of protection
 T - the ring of Twilight {rF+ rC+ Int+2}
   (You found it on level 12 of the Dungeon)

   [ring of protection from fire]

   Int:       It affects your intelligence (+2).
   rF:        It protects you from fire.
   rC:        It protects you from cold.
Wands
 G - a wand of iceblast (13)
 H - a wand of polymorph (17)
 I - a wand of paralysis (5)
 J - a wand of mindburst (20)
 L - a wand of flame (73)
 S - a wand of digging (3)
Scrolls
 i - a scroll of fear
 o - 8 scrolls of teleportation
 p - 3 scrolls of amnesia
 z - 3 scrolls of fog
 B - 12 scrolls of identify
 O - a scroll of magic mapping
 Q - a scroll of blinking
Potions
 d - 5 potions of flight
 f - 2 potions of might
 l - 3 potions of invisibility
 m - a potion of resistance
 q - 5 potions of heal wounds
 s - 6 potions of brilliance
 u - 2 potions of lignification
 v - 2 potions of attraction
 w - 10 potions of curing
 A - 4 potions of haste
 M - 2 potions of magic
 R - a potion of mutation
Miscellaneous
 y - a condenser vane (inert)


   Skills:
 + Level 10.7 Fighting
 + Level 10.7 Short Blades
 + Level 10.7 Long Blades
 + Level 10.7 Axes
 + Level 10.7 Maces & Flails
 + Level 10.7 Polearms
 + Level 10.7 Staves
 + Level 10.7 Slings
 + Level 10.7 Bows
 + Level 10.7 Crossbows
 + Level 10.7 Throwing
 + Level 13.3 Armour
 + Level 11.7 Dodging
 + Level 11.5 Stealth
 + Level 10.7 Shields
 + Level 10.7 Unarmed Combat
 + Level 11.8 Spellcasting
 + Level 9.0 Conjurations
 + Level 9.0 Hexes
 + Level 9.0 Summonings
 + Level 9.0 Necromancy
 + Level 9.0 Translocations
 + Level 9.3 Transmutations
 + Level 9.0 Fire Magic
 + Level 9.0 Ice Magic
 + Level 9.0 Air Magic
 + Level 10.6 Earth Magic
 + Level 9.0 Poison Magic
 + Level 11.7 Invocations
 + Level 10.7 Evocations


You had 26 spell levels left.
You knew the following spells:

 Your Spells              Type           Power      Damage    Failure   Level
a - Blink                 Tloc           N/A        N/A       1%          2
b - Passwall              Tmut/Erth      59%        N/A       1%          2
c - Stone Arrow           Conj/Erth      100%       3d13      1%          3
d - Petrify               Tmut/Erth      71%        N/A       1%          4
e - Apportation           Tloc           100%       N/A       1%          1

Your spell library contained the following spells:

 Spells                   Type           Power      Damage    Failure   Level
 Magic Dart               Conj           100%       1d8       1%          1
 Sandblast                Erth           100%       2d20      1%          1
 Summon Small Mammal      Summ           100%       N/A       1%          1
 Call Imp                 Summ           68%        N/A       1%          2
 Call Canine Familiar     Summ           68%        N/A       1%          3
 Gell's Gravitas          Tloc           34%        N/A       1%          3
 Lesser Beckoning         Tloc           68%        N/A       1%          3
 Mephitic Cloud           Conj/Pois/Air  68%        N/A       1%          3
 Portal Projectile        Hex/Tloc       100%       N/A       1%          3
 Summon Guardian Golem    Hex/Summ       68%        N/A       1%          3
 Teleport Other           Tloc           68%        N/A       1%          3
 Leda's Liquefaction      Hex/Erth       35%        N/A       1%          4
 Alistair's Intoxication  Tmut/Pois      46%        N/A       2%          5
 Manifold Assault         Tloc           68%        N/A       3%          5
 Dispersal                Tloc           34%        N/A       17%         6
 Invisibility             Hex            34%        N/A       17%         6
 Storm Form               Tmut/Air       34%        N/A       65%         7
 Death's Door             Necr           34%        N/A       100%        9


Dungeon Overview and Level Annotations

Branches:
Dungeon (15/15)            Temple (1/1) D:6            Lair (6/6) D:11
  Swamp (0/4) Lair:4       Spider (0/4) Lair:4        Slime (0/5) Lair:5
    Orc (2/2) D:11            Elf (0/3) Orc:2        Vaults (0/5) D:13
 Depths (0/4) D:15          IceCv (visited)         Gauntlet (visited)

Altars:
Ashenzari
Cheibriados
Dithmenos
Elyvilon
Fedhas
Gozag
Hepliaklqana
Kikubaaqudgha
Makhleb
Nemelex Xobeh
Qazlal
Ru
Sif Muna
Trog
Uskayaw
Vehumet
Wu Jian
Xom
Yredelemnul
Zin
The Shining One

Shops:
D:1 [   D:8 [   D:10 (   D:11 [   D:12 *   Orc:2 *[

Annotations:
D:10 Snorg
Lair:3 Rupert


Innate Abilities, Weirdness & Mutations

You have very sharp teeth.
Your uncanny sense of smell can sniff out nearby items.
Your experience applies equally to all skills.


Message History

You bite the orc sorcerer, but do no damage.
You block the orc knight's attack. You block the orc sorcerer's attack.
You hit the orc sorcerer but do no damage.
The orc knight hits you with a +0 dire flail!!
You puncture the orc sorcerer!
The orc sorcerer is heavily wounded.
The orc sorcerer points at you and mumbles some strange words.
You resist with some effort.
The orc knight roars a battlecry!
The orc knight goes into a battle-frenzy!
You hear a shout!
You closely miss the orc sorcerer. You bite the orc sorcerer.
The orc sorcerer is heavily wounded.
The orc sorcerer casts a spell at you. The bolt of negative energy misses you.
The orc sorcerer hits you but does no damage.
You puncture the orc sorcerer!
Lightning courses through the orc sorcerer!
You kill the orc sorcerer!
Cheibriados thoroughly appreciates the change of pace.
The orc knight hits you with a +0 dire flail!
You impale the orc knight!!
The orc knight is moderately wounded.
The orc knight hits you with a +2 vorpal great mace!!
The orc sorcerer points at you and mumbles some strange words.
You suddenly lose the ability to move!
The orc knight hits you with a +0 dire flail!!
The orc sorcerer hits you with a +0 dagger!
The orc knight hits you with a +2 vorpal great mace!!!
* * * LOW HITPOINT WARNING * * *
x2 The orc warrior hits you from afar with a +0 trident.
* * * LOW HITPOINT WARNING * * *
The orc knight hits you with a +0 dire flail.
* * * LOW HITPOINT WARNING * * *
You hear a shout!
The orc sorcerer casts a spell at you. The bolt of negative energy hits you.
You partially resist.
You feel drained.
* * * LOW HITPOINT WARNING * * *
The orc knight hits you with a +2 vorpal great mace!!!
You die...

#≈≈≈≈≈...#.....#.##
##≈≈≈...#.........#
####..###.......## ####
#........##
##.........#
#.........##
##.###o...## ###
####.)oo..## ###.#####
##o@....## #.#..#..#
##.#......#
##.......####.........#
...........##....##..##
..................####
............#....##
................##
....##.........##
....##....)..).##


You could see 2 orc knights, an orc sorcerer (strong) and an orc warrior
(strong).

Vanquished Creatures
  Jorgrun (D:12)
  Kirke (D:15)
  The ghost of pokedragonboy the Severer, a journeyman FoFi of Ru (D:12)
  Louise (D:15)
  The ghost of rustyseabutter the Bludgeoner, a journeyman MiFi of Okawaru (Lair:5)
  2 minotaurs
  Josephine (D:11)
  Fannar (D:12)
  A rakshasa (D:15)
  A ghost crab (Gauntlet)
  3 ogre magi
  11 hydras
  2 death knights
  14 two-headed ogres
  5 catoblepae
  3 centaur warriors
  14 death yaks
  2 thrashing horrors (Gauntlet)
  An orc high priest (Orc:2)
  Sonja (Orc:2)
  7 skeletal warriors
  A bog body (Lair:4)
  A harpy (D:12)
  3 orc knights (Orc:2)
  5 deep elf pyromancers
  4 orc sorcerers (Orc:2)
  16 ugly things
  3 cyclopes
  4 manticores
  2 moths of wrath (D:12)
  9 elephants
  An eye of devastation (Lair:5)
  3 black mambas
  5 torpor snails
  3 kobold demonologists
  6 cane toads
  A minotaur zombie (Gauntlet)
  5 rime drakes
  2 efreet
  A freezing wraith (D:12)
  15 komodo dragons
  A yaktaur (D:14)
  A troll (Orc:2)
  Prince Ribbit (D:5)
  3 polar bears
  13 blink frogs
  2 slime creatures (D:15)
  A redback (shapeshifter) (D:15)
  A shadow (D:13)
  3 hogs (D:15)
  6 wraiths
  12 wyverns
  2 steam dragons
  8 basilisks
  49 yaks
  3 vampire mosquitoes (D:14)
  A warg (Orc:2)
  A warg (shapeshifter) (D:15)
  3 acid dragons
  3 small abominations (Gauntlet)
  3 swamp worms (Lair:4)
  13 water moccasins
  A floating eye (Lair:5)
  9 orc warriors
  3 wolves (Lair:3)
  8 ogres
  6 centaurs
  A phantom (D:7)
  5 kobold brigands
  9 bullfrogs
  A gnoll sergeant (D:12)
  2 scorpions
  5 killer bees (D:10)
  8 wights
  3 howler monkeys (D:7)
  3 electric eels
  5 centaur zombies
  2 hounds
  A gnoll shaman (D:7)
  8 orc priests
  4 iguanas
  16 orc wizards
  A scorpion zombie (D:5)
  Terence (D:2)
  2 polar bear simulacra (IceCv)
  A wolf simulacrum (IceCv)
  A killer bee zombie (D:7)
  A hound skeleton (D:5)
  A howler monkey zombie (D:7)
  12 gnolls
  8 adders
  A howler monkey skeleton (D:6)
  A shadow imp (D:7)
  14 white imps
  An adder zombie (D:5)
  2 worms
  An adder skeleton (D:3)
  3 dart slugs
  32 orcs
  8 endoplasms
  4 giant cockroaches
  9 goblins
  4 hobgoblins
  2 jackals (D:4)
  27 kobolds
  4 quokkas
  8 ball pythons
  7 bats
  3 frilled lizards
  3 rats
556 creatures vanquished.

Vanquished Creatures (others)
  A human (D:15)
  An electric eel (D:12)
  An orc wizard (Orc:2)
  21 fungi
  20 plants
  28 withered plants (Gauntlet)
72 creatures vanquished.

Grand Total: 628 creatures vanquished

Notes
Turn   | Place    | Note
-------+----------+-------------------------------------------
     0 | D:1      | frimble the Gnoll Earth Elementalist began the quest for
                  | the Orb.
     0 | D:1      | Reached XP level 1. HP: 13/13 MP: 6/6
   395 | D:1      | Reached XP level 2. HP: 18/19 MP: 4/7
   552 | D:1      | Found a faded altar of an unknown god.
   868 | D:1      | Found Lantaomn's Armour Emporium.
  1459 | D:2      | Reached XP level 3. HP: 25/25 MP: 9/9
  1461 | D:2      | Reached skill level 5 in Spellcasting
  1565 | D:2      | Reached skill level 1 in Invocations
  1617 | D:2      | Found an ornate altar of the Wu Jian Council.
  1782 | D:2      | Reached skill level 1 in Fighting
  1782 | D:2      | Reached skill level 1 in Short Blades
  1782 | D:2      | Reached skill level 1 in Long Blades
  1782 | D:2      | Reached skill level 1 in Axes
  1782 | D:2      | Reached skill level 1 in Maces & Flails
  1782 | D:2      | Reached skill level 1 in Polearms
  1782 | D:2      | Reached skill level 1 in Staves
  1782 | D:2      | Reached skill level 1 in Slings
  1782 | D:2      | Reached skill level 1 in Bows
  1782 | D:2      | Reached skill level 1 in Crossbows
  1782 | D:2      | Reached skill level 1 in Throwing
  1782 | D:2      | Reached skill level 1 in Armour
  1782 | D:2      | Reached skill level 1 in Shields
  1782 | D:2      | Reached skill level 1 in Unarmed Combat
  1782 | D:2      | Reached skill level 1 in Evocations
  2052 | D:2      | Noticed Terence
  2067 | D:2      | Killed Terence
  2068 | D:2      | Reached XP level 4. HP: 17/32 MP: 0/11
  2445 | D:1      | Bought a +0 pair of boots for 63 gold pieces
  2533 | D:3      | Reached skill level 1 in Conjurations
  2533 | D:3      | Reached skill level 1 in Hexes
  2533 | D:3      | Reached skill level 1 in Summonings
  2533 | D:3      | Reached skill level 1 in Necromancy
  2533 | D:3      | Reached skill level 1 in Translocations
  2533 | D:3      | Reached skill level 1 in Fire Magic
  2533 | D:3      | Reached skill level 1 in Ice Magic
  2533 | D:3      | Reached skill level 1 in Air Magic
  2533 | D:3      | Reached skill level 1 in Poison Magic
  2536 | D:3      | Learned a level 2 spell: Passwall
  2540 | D:3      | Learned a level 3 spell: Stone Arrow
  2628 | D:3      | Learned a level 4 spell: Petrify
  2712 | D:3      | Learned a level 1 spell: Apportation
  3181 | D:3      | Reached XP level 5. HP: 37/37 MP: 12/12
  4171 | D:5      | Entered Level 5 of the Dungeon
  4220 | D:5      | Reached XP level 6. HP: 44/44 MP: 13/13
  4474 | D:5      | Found a glowing silver altar of Zin.
  4475 | D:5      | Noticed an angel
  4494 | D:5      | Noticed Prince Ribbit
  4520 | D:5      | Killed Prince Ribbit
  4521 | D:5      | Reached skill level 2 in Armour
  4521 | D:5      | Reached skill level 5 in Dodging
  4521 | D:5      | Reached XP level 7. HP: 47/50 MP: 11/15
  4896 | D:5      | Reached skill level 5 in Stealth
  5111 | D:5      | Found a shimmering altar of Xom.
  5111 | D:5      | Found a basalt altar of Yredelemnul.
  5113 | D:5      | Found an ornate altar of the Wu Jian Council.
  5247 | D:6      | Found a staircase to the Ecumenical Temple.
  5322 | D:6      | Reached XP level 8. HP: 57/57 MP: 16/16
  5378 | D:5      | Reached skill level 3 in Armour
  5517 | D:6      | Got the Almanac of Sinister Dislocation
  5946 | D:6      | Found a glowing golden altar of the Shining One.
  6250 | D:7      | Noticed a wyvern
  6263 | D:7      | Killed a wyvern
  6543 | D:7      | Reached XP level 9. HP: 56/65 MP: 14/18
  6643 | D:7      | Reached skill level 4 in Armour
  6758 | D:7      | HP: 3/60 [wight (4)]
  7777 | D:8      | Found Kiedurchu's Antique Armour Boutique.
  7880 | D:8      | Noticed a two-headed ogre
  7908 | D:8      | Killed a two-headed ogre
  7909 | D:8      | Reached skill level 5 in Invocations
  8276 | D:7      | Reached XP level 10. HP: 55/73 MP: 15/20
  9044 | D:8      | Found a white marble altar of Elyvilon.
  9151 | Temple   | Entered the Ecumenical Temple
  9231 | Temple   | Became a worshipper of Cheibriados the Contemplative
  9471 | D:9      | Reached skill level 5 in Fighting
  9471 | D:9      | Reached skill level 5 in Short Blades
  9471 | D:9      | Reached skill level 5 in Long Blades
  9471 | D:9      | Reached skill level 5 in Axes
  9471 | D:9      | Reached skill level 5 in Maces & Flails
  9471 | D:9      | Reached skill level 5 in Polearms
  9471 | D:9      | Reached skill level 5 in Staves
  9471 | D:9      | Reached skill level 5 in Slings
  9471 | D:9      | Reached skill level 5 in Bows
  9471 | D:9      | Reached skill level 5 in Crossbows
  9471 | D:9      | Reached skill level 5 in Throwing
  9471 | D:9      | Reached skill level 5 in Armour
  9471 | D:9      | Reached skill level 5 in Shields
  9471 | D:9      | Reached skill level 5 in Unarmed Combat
  9471 | D:9      | Reached skill level 5 in Evocations
  9634 | D:10     | Entered Level 10 of the Dungeon
  9679 | D:10     | Found Dokk's Weapon Shoppe.
  9860 | D:10     | Noticed a two-headed ogre
  9869 | D:10     | Killed a two-headed ogre
 10229 | D:10     | Noticed Snorg
 10933 | D:11     | Noticed Josephine
 10938 | D:11     | Noticed a kobold demonologist
 10942 | D:11     | Noticed a kobold demonologist
 10947 | D:11     | Noticed a smoke demon
 10953 | D:11     | Noticed a sun demon
 10960 | D:11     | Killed Josephine
 10961 | D:11     | Reached skill level 5 in Transmutations
 10964 | D:11     | Noticed a purple ugly thing
 10978 | D:11     | Noticed a sun demon
 11011 | D:11     | Noticed a rust devil
 11043 | D:11     | Killed a kobold demonologist
 11364 | D:10     | Reached XP level 11. HP: 47/81 MP: 18/22
 11610 | D:9      | Reached * piety under Cheibriados
 11758 | D:9      | Found a hide-covered altar of Uskayaw.
 11985 | D:11     | Noticed a red ugly thing
 12160 | D:11     | Reached skill level 6 in Armour
 12237 | D:11     | Reached skill level 5 in Conjurations
 12237 | D:11     | Reached skill level 5 in Hexes
 12237 | D:11     | Reached skill level 5 in Summonings
 12237 | D:11     | Reached skill level 5 in Necromancy
 12237 | D:11     | Reached skill level 5 in Translocations
 12237 | D:11     | Reached skill level 5 in Fire Magic
 12237 | D:11     | Reached skill level 5 in Ice Magic
 12237 | D:11     | Reached skill level 5 in Air Magic
 12237 | D:11     | Reached skill level 5 in Poison Magic
 12613 | D:11     | Noticed a sixfirhy
 12616 | D:11     | Reached ** piety under Cheibriados
 12626 | D:11     | Killed a purple ugly thing
 12839 | D:11     | Found Eshil's Antique Armour Emporium.
 12878 | D:11     | Bought a slimy cloak for 256 gold pieces
 12878 | D:11     | Identified the +0 cloak "Agrihacu" {rF+ Int+5} (You bought
                  | it in a shop on level 11 of the Dungeon)
 12896 | D:11     | Bought a polished scale mail for 243 gold pieces
 12896 | D:11     | Identified the +6 scale mail of the Morning Star {Str+3}
                  | (You bought it in a shop on level 11 of the Dungeon)
 12914 | D:11     | Noticed a cyclops
 12925 | D:11     | Killed a red ugly thing
 12969 | D:11     | Killed a cyclops
 13203 | D:11     | Found a staircase to the Lair.
 13564 | D:11     | Found a staircase to the Orcish Mines.
 13911 | D:11     | Reached *** piety under Cheibriados
 14442 | D:12     | Noticed a cyclops
 14444 | D:12     | Noticed a five-headed hydra
 14450 | D:12     | Killed a cyclops
 14451 | D:12     | Reached XP level 12. HP: 74/89 MP: 19/24
 14517 | D:12     | Found a transporter.
 14518 | D:12     | Noticed Fannar
 14692 | Lair:1   | Entered Level 1 of the Lair of Beasts
 14813 | Lair:1   | Noticed a five-headed hydra
 14821 | Lair:1   | Killed a five-headed hydra
 14822 | Lair:1   | Reached skill level 7 in Armour
 14824 | Lair:1   | Found a gate leading to a gauntlet.
 14833 | Gauntlet | Entered a Gauntlet
 14833 | Gauntlet | Noticed a ghost crab
 14833 | Gauntlet | Found a transporter.
 14833 | Gauntlet | Found a transporter.
 14833 | Gauntlet | Found a transporter.
 14850 | Gauntlet | Found a transporter.
 14853 | Gauntlet | Found a transporter.
 14855 | Gauntlet | Noticed a tengu warrior
 14856 | Gauntlet | Noticed a thrashing horror
 14863 | Gauntlet | Found a transporter.
 14864 | Gauntlet | Noticed a thrashing horror
 14877 | Gauntlet | Found a transporter.
 14885 | Gauntlet | Found a transporter.
 14902 | Gauntlet | Found a transporter.
 14910 | Gauntlet | Found a transporter.
 14928 | Gauntlet | Found a transporter.
 14980 | Gauntlet | Found a transporter.
 15071 | Gauntlet | Killed a ghost crab
 15223 | Gauntlet | Identified the +2 helmet "Meinor" {rN+ Regen+ Int-5}
 15270 | Gauntlet | Killed a thrashing horror
 15285 | Gauntlet | Killed a thrashing horror
 15338 | Gauntlet | Identified the ring "Xiacwabb" {Fire Dex+2}
 15350 | Gauntlet | Noticed a minotaur
 15365 | Gauntlet | Killed a minotaur
 15695 | Lair:1   | You fall into a shaft and drop 1 floor!
 15885 | Lair:2   | Reached **** piety under Cheibriados
 15987 | Lair:2   | Reached skill level 8 in Armour
 17390 | Lair:3   | Noticed Rupert
 17395 | Lair:3   | Noticed a death yak
 17435 | Lair:3   | Reached XP level 13. HP: 98/98 MP: 26/26
 17625 | Lair:4   | Found a frozen archway.
 17659 | IceCv    | Entered an ice cave
 17672 | IceCv    | HP: 4/98 [white ugly thing (22)]
 17674 | IceCv    | Found a transporter.
 17686 | IceCv    | Found a transporter.
 17904 | Lair:4   | Found a hole to the Spider Nest.
 17932 | Lair:4   | Reached skill level 9 in Armour
 18353 | Lair:4   | You fall into a shaft and drop 2 floors!
 18353 | Lair:6   | Entered Level 6 of the Lair of Beasts
 18536 | Lair:6   | Learned a level 2 spell: Blink
 18759 | Lair:6   | Reached skill level 10 in Spellcasting
 18762 | Lair:6   | Reached skill level 10 in Armour
 19026 | Lair:6   | Reached skill level 10 in Dodging
 19028 | Lair:6   | Reached ***** piety under Cheibriados
 19029 | Lair:6   | Reached XP level 14. HP: 106/106 MP: 28/28
 19579 | Lair:6   | Reached skill level 10 in Stealth
 20206 | Lair:5   | Reached skill level 10 in Invocations
 20313 | Lair:5   | Found a runed translucent gate.
 20313 | Lair:5   | Found a runed translucent gate.
 20313 | Lair:5   | Found a runed translucent gate.
 20334 | Lair:5   | Noticed rustyseabutter's ghost (journeyman MiFi)
 20418 | Lair:5   | Reached skill level 11 in Armour
 20631 | Lair:5   | Found a staircase to the Slime Pits.
 20867 | Lair:5   | Found a shimmering blue altar of Sif Muna.
 21107 | Lair:5   | Killed rustyseabutter's ghost
 21562 | Lair:4   | Found a staircase to the Swamp.
 21785 | D:12     | Identified the +0 robe "Reniz" {Str+6}
 21906 | D:12     | Noticed Jorgrun
 21917 | D:12     | Killed Jorgrun
 22046 | D:12     | Found a transporter.
 22151 | D:12     | Noticed pokedragonboy's ghost (journeyman FoFi)
 22209 | D:12     | Found Yjothruopp's General Store.
 22232 | D:12     | Bought a scroll of magic mapping for 38 gold pieces
 22351 | D:12     | Killed Fannar
 22490 | D:13     | Reached XP level 15. HP: 84/115 MP: 10/29
 23083 | D:13     | Found a gate to the Vaults.
 23157 | D:13     | Reached skill level 10 in Earth Magic
 23501 | D:14     | Reached skill level 12 in Armour
 23563 | D:14     | Reached skill level 10 in Fighting
 23563 | D:14     | Reached skill level 10 in Short Blades
 23563 | D:14     | Reached skill level 10 in Long Blades
 23563 | D:14     | Reached skill level 10 in Axes
 23563 | D:14     | Reached skill level 10 in Maces & Flails
 23563 | D:14     | Reached skill level 10 in Polearms
 23563 | D:14     | Reached skill level 10 in Staves
 23563 | D:14     | Reached skill level 10 in Slings
 23563 | D:14     | Reached skill level 10 in Bows
 23563 | D:14     | Reached skill level 10 in Crossbows
 23563 | D:14     | Reached skill level 10 in Throwing
 23563 | D:14     | Reached skill level 10 in Shields
 23563 | D:14     | Reached skill level 10 in Unarmed Combat
 23563 | D:14     | Reached skill level 10 in Evocations
 24199 | D:15     | Entered Level 15 of the Dungeon
 24556 | D:15     | Noticed Kirke
 24575 | D:15     | Noticed Louise
 24590 | D:15     | Killed Kirke
 24819 | D:15     | Killed Louise
 24964 | D:15     | Found a staircase to the Depths.
 25016 | D:15     | Identified the +4 ring mail of Emaiz {Rampage}
 25106 | D:12     | Reached XP level 16. HP: 123/123 MP: 25/31
 25107 | D:12     | Reached skill level 13 in Armour
 25125 | D:12     | Killed pokedragonboy's ghost
 25215 | D:12     | Identified the ring of Twilight {rF+ rC+ Int+2}
 25298 | Orc:1    | Entered Level 1 of the Orcish Mines
 25374 | Orc:2    | Entered Level 2 of the Orcish Mines
 25398 | Orc:2    | Found a staircase to the Elven Halls.
 25472 | Orc:2    | Noticed Sonja
 25504 | Orc:2    | Killed Sonja
 25527 | Orc:2    | Found Bexeo's Antique Armour Boutique.
 25546 | Orc:2    | Found Kutsez's General Store.
 25567 | Orc:2    | Bought a transparent kite shield for 304 gold pieces
 25567 | Orc:2    | Identified the +0 kite shield of Hadjma {rElec rPois Dex+3}
                  | (You bought it in a shop on level 2 of the Orcish Mines)
 25656 | Orc:2    | Paralysed by an orc sorcerer for 3 turns
 25813 | Orc:2    | Paralysed by an orc sorcerer for 7 turns
 25815 | Orc:2    | Demolished by an orc knight

Illustrated notes

Levels and vault maps discovered:
D:1:      scummos_arrival_hexagon, layout_basic,
          hellmonk_ecumenical_altar_crossroads, serial_shops,
          nicolae_shop_window_shopping
D:2:      layout_loops_ring, basic_altar, minmay_goblin_outpost, uniq_terence
D:3:      layout_loops_cross, dk_noncrumbling_4, hangedman_abyss_or_decor_stabs
D:4:      layout_gridville, fountainhead
D:5:      layout_cave_pools, zin_angel, nicolae_overflow_hidden_temple,
          amcnicky_mini_pool_small, uniq_prince_ribbit1
D:6:      layout_gridville, tso_altar, temple_green
D:7:      layout_basic
D:8:      layout_rooms, general_overflow_altar, serial_shops, shop
D:9:      layout_gridville, lemuel_coloured_pillars_altar
D:10:     layout_loops_ring, serial_shops, nicolae_square_shop, serial_rivers,
          chequers_serial_rivers_micro_e, chequers_serial_rivers_marsh,
          chequers_serial_rivers_large_a, chequers_serial_rivers_marsh,
          uniq_snorg
D:11:     layout_basic, david_lair_generic, hiddenorc1_lemuel, serial_shops,
          shop, serial_rivers, chequers_serial_rivers_micro_c,
          chequers_serial_rivers_small_b, chequers_serial_rivers_micro_a,
          chequers_serial_rivers_room_b, chequers_serial_rivers_micro_a,
          chequers_serial_rivers_room_b, billiards_dpeg, uniq_josephine
D:12:     layout_basic, gammafunk_ghost_berserking_beasts, serial_shops,
          shop_fountains, uniq_jorgrun, uniq_fannar
D:13:     layout_basic, david_vaults_2, minmay_variable_closet,
          chequers_serial_rivers_small_a
D:14:     layout_cave_pools, infiniplex_staircase_pillars_3b
D:15:     hangedman_depths_entry_try_elsewhere_first, layout_rooms,
          minivault_19, uniq_louise, uniq_kirke
Temple:   regret_index_temple_waves
Lair:1:   layout_small_grid, enter_volcano_2, gauntlet_entry_generic
Lair:2:   layout_gridlike, infiniplex_staircase_pool_2, grunt_megastairs_3
Lair:3:   minmay_guarded_unrand_snakebite, layout_chaotic_city,
          grunt_megastairs_2, uniq_rupert
Lair:4:   layout_concentric_octagons, nicolae_swamp_entry_splash_gauntlet,
          dummy_spider_entry, portal_ice_cave_entry_imps, pond
Lair:5:   layout_hall_layers, minmay_slime_entry_eyes, basic_altar,
          maelrawn_ghost_gauntlet_escape, beast_lair_carwin_1
Lair:6:   evilmike_catoblepas_cave, layout_cave_pods
Orc:1:    layout_diamond_mine
Orc:2:    grunt_orc_tribal_feast, layout_diamond_mine, serial_shops,
          nicolae_shop_waterfront, nicolae_lakefront_shop, shop, uniq_sonja

Skill      XL: |  1  2  3  4  5  6  7  8  9 10 11 12 13 14 15 16 |
---------------+-------------------------------------------------+-----
Transmutations | 2 3 4 5 6 7 8 9 |  9.3
Spellcasting   | 5 6 7 8 9 10 11 | 11.8
Invocations    | 1 2 3 4 5 6 7 8 9 10 11 | 11.7
Fighting       | 1 2 3 4 5 6 7 8 9 10 | 10.7
Short Blades   | 1 2 3 4 5 6 7 8 9 10 | 10.7
Long Blades    | 1 2 3 4 5 6 7 8 9 10 | 10.7
Axes           | 1 2 3 4 5 6 7 8 9 10 | 10.7
Maces & Flails | 1 2 3 4 5 6 7 8 9 10 | 10.7
Polearms       | 1 2 3 4 5 6 7 8 9 10 | 10.7
Staves         | 1 2 3 4 5 6 7 8 9 10 | 10.7
Slings         | 1 2 3 4 5 6 7 8 9 10 | 10.7
Bows           | 1 2 3 4 5 6 7 8 9 10 | 10.7
Crossbows      | 1 2 3 4 5 6 7 8 9 10 | 10.7
Throwing       | 1 2 3 4 5 6 7 8 9 10 | 10.7
Armour         | 1 2 3 4 5 6 8 10 11 12 13 | 13.3
Shields        | 1 2 3 4 5 6 7 8 9 10 | 10.7
Unarmed Combat | 1 2 3 4 5 6 7 8 9 10 | 10.7
Evocations     | 1 2 3 4 5 6 7 8 9 10 | 10.7
Conjurations   | 1 2 3 4 5 6 7 8 9 |  9.0
Hexes          | 1 2 3 4 5 6 7 8 9 |  9.0
Summonings     | 1 2 3 4 5 6 7 8 9 |  9.0
Necromancy     | 1 2 3 4 5 6 7 8 9 |  9.0
Translocations | 1 2 3 4 5 6 7 8 9 |  9.0
Fire Magic     | 1 2 3 4 5 6 7 8 9 |  9.0
Ice Magic      | 1 2 3 4 5 6 7 8 9 |  9.0
Air Magic      | 1 2 3 4 5 6 7 8 9 |  9.0
Poison Magic   | 1 2 3 4 5 6 7 8 9 |  9.0
Dodging        | 5 6 7 8 9 10 11 | 11.7
Stealth        | 5 6 7 8 9 10 11 | 11.5
Earth Magic    | 6 7 8 9 10 | 10.6

Action                   |  1- 3 |  4- 6 |  7- 9 | 10-12 | 13-15 | 16-18 || total
-------------------------+-------+-------+-------+-------+-------+-------++-------
Melee: Unarmed           |    42 |       |       |       |     1 |       ||    43
       Bite              |     6 |     7 |    24 |   118 |   295 |    16 ||   466
       Dagger            |    21 |    64 |   286 |   611 |       |       ||   982
       Rapier            |    25 |    35 |       |       |   235 |       ||   295
       Punch             |       |     2 |     2 |     3 |       |       ||     7
       Scimitar          |       |       |       |   233 |   968 |       ||  1201
       Demon trident     |       |       |       |       |    18 |    96 ||   114
Throw: Throwing net      |       |       |       |     1 |       |       ||     1
       Stone             |       |       |       |       |     9 |       ||     9
       Javelin           |       |       |       |       |     5 |     3 ||     8
 Cast: Sandblast         |    41 |    29 |    18 |     9 |       |       ||    97
       Passwall          |       |       |     2 |    26 |     2 |       ||    30
       Stone Arrow       |       |       |     1 |     2 |     1 |       ||     4
       Petrify           |       |       |     4 |     6 |       |       ||    10
       Apportation       |       |       |       |     2 |     1 |       ||     3
       Blink             |       |       |       |       |    13 |     1 ||    14
Invok: Slouch            |       |       |       |     1 |     9 |     2 ||    12
       Bend Time         |       |       |       |       |     1 |       ||     1
Evoke: Wand              |       |       |    12 |    17 |    14 |     3 ||    46
       Condenser vane    |       |       |       |     1 |     3 |     1 ||     5
  Use: Scroll            |     2 |     2 |     8 |    12 |    16 |       ||    40
       Potion            |       |       |       |     8 |     2 |       ||    10
 Stab: Sleeping          |    10 |     4 |     9 |     6 |    12 |     3 ||    44
       Distracted        |       |     1 |     1 |     2 |     1 |       ||     5
       Petrified         |       |       |     2 |     3 |     5 |       ||    10
       Confused          |       |       |       |     2 |       |       ||     2
       Petrifying        |       |       |       |       |     1 |       ||     1
       Paralysed         |       |       |       |       |     6 |       ||     6
Armor: Robe              |    27 |    26 |    51 |       |    17 |       ||   121
       Steam dragon scal |       |       |    51 |   138 |       |       ||   189
       Skin              |       |       |       |    45 |       |       ||    45
       Scale mail        |       |       |       |   226 |   406 |    29 ||   661
Dodge: Dodged            |    90 |    75 |   191 |   542 |   993 |    63 ||  1954
Block: Buckler           |       |       |       |   157 |   482 |    29 ||   668

Table legend: (Time is in decaauts)
 A = Elapsed time spent in this place.
 B = Non-inter-level travel time spent in this place.
 C = Inter-level travel time spent in this place.
 D = Time resting spent in this place.
 E = Time spent auto-exploring this place.
 F = Levels seen in this place.
 G = Mean time per level.
                   A        B        C        D        E       F      G
               +--------+--------+--------+--------+--------+-----+--------+
         Total |  32370 |  30260 |   2110 |    143 |  23830 |  26 | 1245.0 |
       Dungeon |  21125 |  19462 |   1663 |    143 |  15673 |  15 | 1408.3 |
        Temple |    113 |     67 |     46 |      0 |     54 |   1 |  113.0 |
          Lair |   9529 |   9141 |    388 |      0 |   7065 |   6 | 1588.2 |
  Orcish Mines |    776 |    765 |     11 |      0 |    525 |   2 |  388.0 |
      Ice Cave |     64 |     64 |      0 |      0 |      0 |   1 |   64.0 |
      Gauntlet |    760 |    760 |      0 |      0 |    511 |   1 |  760.0 |
               +--------+--------+--------+--------+--------+-----+--------+

Top non-repeatable levels by time:
    D:11: 3542 daAuts
  Lair:6: 2350 daAuts
    D:10: 2136 daAuts
  Lair:1: 1825 daAuts
  Lair:4: 1766 daAuts
     D:7: 1732 daAuts
  Lair:5: 1711 daAuts
    D:13: 1690 daAuts
    D:12: 1452 daAuts
     D:1: 1449 daAuts
    D:15: 1254 daAuts
  Lair:2: 1185 daAuts
     D:6: 1179 daAuts
    D:14: 1114 daAuts
     D:5: 1104 daAuts
